AoeStats
← 學友哥哥

Arena

509570365Analyzed
1v1 RM · 4d ago on Sep 27, 2026· 39m 8s· 2 players
Game mode
Random Map
Map size
Tiny (2 player)
Population
200
Speed
Normal
Resources
Standard
Victory
Conquest
Starting age
Dark Age
Ending age
Imperial Age
RankedLock teamsTeams togetherTeam positionsShared explorationLock speedFull tech treeHidden civsTurbo modeCheats
Victory
Defeat
🇹🇼 Mongols · Taiwan
1069
+15
🇩🇪 Khmer · Germany
1049
-15
[2ZKA] maddingR 🏹
7:44 Loom
11:35 Feudal Age
14:48 Castle Age
13:05 Double-Bit Axe
13:20 Horse Collar
17:38 Sanctity
23:16 Fletching
24:02 Gold Mining
25:01 Heavy Plow
25:30 Redemption
25:43 Bodkin Arrow
27:06 Bow Saw
29:22 Wheelbarrow
28:39 Town Watch
33:10 Imperial Age
31:13 Padded Archer Armor
31:17 Murder Holes
31:52 Ballistics
32:30 Leather Archer Armor
31:41 Elite Skirmisher
34:07 Cavalier
34:47 Husbandry
34:58 Bloodlines
34:55 Scale Barding Armor
35:00 Forging
34:51 Bracer
35:21 Ring Archer Armor
35:01 Scale Barding Armor
35:07 Forging
36:04 Chemistry
37:50 Ring Archer Armor
學友哥哥
10:33 Feudal Age
14:39 Castle Age
13:04 Double-Bit Axe
13:40 Fletching
14:00 Loom
20:51 Bodkin Arrow
22:30 Bow Saw
22:23 Horse Collar
22:58 Gold Mining
26:32 Wheelbarrow
29:31 Imperial Age
27:16 Padded Archer Armor
28:46 Leather Archer Armor
28:34 Heavy Plow
30:12 Gold Shaft Mining
30:30 Bracer
32:33 Conscription
32:21 Elite Mangudai
35:09 Chemistry
34:30 Ballistics
34:58 Scale Barding Armor
35:06 Forging
35:48 Bloodlines
37:41 Iron Casting
Connection lost

Rejoining the realm…

Still unreachable

The connection could not be restored.

Session expired

The server has moved on; the page needs a fresh start.